Map: Rivages bleus EC

Players

zidar - Winner!

  • Race: Zerg Zerg
  • Spawn Location: 7:00

PalMal

  • Race: Zerg Zerg
  • League: Silver
  • Spawn Location: 1:00

VOD

Have the link to the VOD?

Description

Time

  • Played on: Dec. 24, 2018, 9:34 a.m.
  • Length: 5:07
Show
View Real Time Build Order
Export as new Build Order

zidar Zerg - Winner!

Build Orders: Hatch First 

Get SALT Encoding   

  12  0:01  Drone  
  13  0:12  Overlord  
  13  0:17  Drone  
  14  0:31  Drone x2  
  16  0:37  Drone  
  17  0:56  Hatchery  
  16  0:58  Drone  
  16  1:04  Extractor  
  16  1:16  Spawning Pool  
  16  1:18  Drone  
  16  1:24  Drone  
  16  1:45  Overlord  
  16  1:46  Drone x2  
  18  2:03  Baneling Nest  
  18  2:04  Drone  
  18  2:09  Queen  
  18  2:14  Queen  
  22  2:25  Zergling x4  
  22  2:28  Drone x2  
  26  2:55  Zergling x2  
  26  2:56  Zergling x10  
  32  3:12  Queen  
  32  3:18  Baneling  
  32  3:19  Baneling x2, Metabolic Boost  
  34  3:26  Drone x2  
  36  4:16  Overlord x2  
  36  4:17  Overlord  
  36  4:32  Overlord  
  36  4:34  Drone x4  
  36  4:35  Drone x6  
Show
View Real Time Build Order
Export as new Build Order

PalMal Zerg 

Build Orders: Hatch First 

Get SALT Encoding   

  12  0:02  Drone  
  13  0:08  Drone  
  14  0:38  Hatchery  
  14  0:42  Drone  
  14  0:55  Spawning Pool  
  13  1:04  Drone  
  13  1:06  Overlord  
  14  1:24  Extractor  
  13  1:38  Extractor, Drone x3  
  15  1:42  Queen  
  17  1:58  Drone  
  18  2:02  Queen  
  18  2:07  Drone  
  21  2:15  Drone x3  
  24  2:32  Extractor  
  24  2:33  Drone  
  24  2:35  Drone x3  
  27  3:02  Zergling x2  
  27  3:03  Overlord  
  27  3:04  Overlord x2  
  28  3:21  Queen  
  28  3:23  Zergling x2  
  28  3:24  Drone x2  
  33  3:57  Queen  
  33  3:59  Lair  
  35  4:05  Zergling x2  
  35  4:06  Zergling x4  
  38  4:16  Drone  
  39  4:17  Drone x5  
  39  4:20  Drone  
Tags
 
Add a new tag
Caveats
  • Supply blocks, unpowered buildings, or Contaminate may cause inaccurate times.
  • Supply counts are checked every 10 seconds.